 Dungeon Crawl Stone Soup version 0.18.1-5-g4a78601 (webtiles) character file.

9601 MARSONE the Blocker (level 11, -1/97 HPs)
             Began as a Minotaur Fighter on May 10, 2016.
             Was the Champion of Cheibriados.
             Slain by a nine-headed hydra (7 damage)
             ... on level 11 of the Dungeon.
             The game lasted 01:24:42 (8948 turns).

MARSONE the Blocker (Minotaur Fighter)              Turns: 8948, Time: 01:24:43

Health: -1/97      AC: 16    Str: 42    XL:     11   Next: 25%
Magic:  10/10      EV:  8    Int: 18    God:    Cheibriados [******]
Gold:   495        SH: 18    Dex: 25    Spells: 0 memorised, 10 levels left

rFire  . . .     SeeInvis +     a - +1 war axe
rCold  . . .     Gourm    .     F - +0 plate armour
rNeg   . . .     Faith    .     c - +0 shield
rPois  .         Spirit   .     (helmet restricted)
rElec  .         Dismiss  .     (no cloak)
rCorr  .         Reflect  +     X - +0 pair of gloves
SustAt .         Harm     .     (no boots)
MR     .....     Rnd*Rage +     C - +2 amulet of reflection
Stlth  ..........               O - ring of see invisible
                                h - +3 ring of strength

@: very slow, not resistant to hostile enchantments, extremely unstealthy
A: retaliatory headbutt, horns 2, berserk 1, deterioration 1, dopey 1, wild
magic 1
a: Bend Time, Temporal Distortion, Slouch, Step From Time, Renounce Religion


You were on level 11 of the Dungeon.
You worshipped Cheibriados.
Cheibriados was exalted by your worship.
You were not hungry.

You visited 1 branch of the dungeon, and saw 10 of its levels.

You collected 495 gold pieces.

Inventory:

Hand Weapons
 a - a +1 war axe (weapon)
 b - a +0 shortbow of velocity
 d - a +0 war axe of flaming
 I - a +0 club
 N - a +0 shortbow
Missiles
 e - 427 stones (quivered)
 j - 174 arrows
 k - 48 sling bullets
 l - 51 poisoned needles
 p - 4 large rocks
 t - 39 bolts
 v - a throwing net
 U - 5 tomahawks
Armour
 c - a +0 shield (worn)
 B - the +3 scale mail of the Armadillo {rC+ Regen+}
   (You found it on level 5 of the Dungeon)

   It protects you from cold.
   It increases your rate of regeneration.
 F - a +0 plate armour (worn)
 H - a +2 ring mail of poison resistance
 S - a troll hide
 X - a +0 pair of gloves (worn)
Jewellery
 h - a +3 ring of strength (left hand)
 C - a +2 amulet of reflection (around neck)
 O - a ring of see invisible (right hand)
Wands
 i - a wand of confusion (36/48)
 s - a wand of iceblast (9/15)
 u - a wand of polymorph (10/24)
 y - a wand of paralysis (19/24)
 A - a wand of random effects (24/48)
 G - a wand of disintegration (10/24)
 L - a wand of flame (4/48)
 Q - a wand of teleportation (5/9)
Scrolls
 g - 4 scrolls of identify
 q - a scroll of blinking
 w - 3 scrolls of magic mapping
 D - a scroll of enchant weapon
 M - 2 scrolls of teleportation
 P - 2 scrolls of remove curse
 W - a scroll of fog {unknown}
 Z - a scroll of amnesia
Potions
 o - 2 potions of haste {unknown}
 r - 2 potions of resistance {unknown}
 E - 4 potions of curing
 K - a potion of cure mutation {unknown}
 R - a potion of brilliance
 T - a potion of agility
Comestibles
 f - 2 bread rations
 m - 5 meat rations
 n - 3 fruits
 x - 3 beef jerkies
 z - 3 slices of pizza
 J - 5 chunks of flesh


   Skills:
 + Level 9.4 Fighting
 + Level 10.5 Axes
 + Level 11.6 Armour
 - Level 0.2 Dodging
 + Level 12.2 Shields


You had 10 spell levels left.
You didn't know any spells.

Dungeon Overview and Level Annotations

Branches:
Dungeon (12/15)            Temple (0/1) D:7
   Lair: D:8-11         Orc: D:9-12

Altars:
Cheibriados
Sif Muna
Trog
Vehumet
Yredelemnul


Innate Abilities, Weirdness & Mutations

You reflexively headbutt those who attack you in melee.
You have a pair of horns on your head.
You tend to lose your temper in combat.
Your body sometimes deteriorates upon taking damage.
You are dopey. (Int -2)
Your spells are a little harder to cast, but a little more powerful.


Message History

The nine-headed hydra barely misses you.
The nine-headed hydra closely misses you.
You furiously retaliate!
You headbutt the nine-headed hydra, but do no damage.
You block the nine-headed hydra's attack. x2
The nine-headed hydra bites you.
* * * LOW HITPOINT WARNING * * *
The nine-headed hydra bites you.
* * * LOW HITPOINT WARNING * * *
The nine-headed hydra bites you.
* * * LOW HITPOINT WARNING * * *
The nine-headed hydra bites you.
* * * LOW HITPOINT WARNING * * *
You block the nine-headed hydra's attack.
The nine-headed hydra bites you.
* * * LOW HITPOINT WARNING * * *
The nine-headed hydra bites you!
* * * LOW HITPOINT WARNING * * *
The nine-headed hydra bites you!
You die...

..#........# #.#
#.#.##.#.#.# #.#
#.#.##...#.#
#.#####.#.##.#.#.#
#.#...............
#.#.###.#.##.#>#.#
#.#.# #.#........#
##<#.###.####.....#
#.@.#....# #.....#
#.D.##.### ###.###
#...#.## #.#
##.#.## #.# #.###
#+# #.# ... #.# #)#


You could see a nine-headed hydra.

Vanquished Creatures
  A centaur warrior (D:12)
  Pikel (D:4)
  A hill giant (D:12)
  2 ugly things
  2 gargoyles (D:11)
  2 kobold demonologists (D:12)
  2 trolls
  A shadow (D:6)
  Sigmund (D:5)
  3 yaks (D:12)
  Eustachio (D:5)
  A hippogriff (D:7)
  Edmund (D:6)
  Menkaure (D:4)
  8 ice beasts (D:11)
  Duvessa (D:6)
  A slave (D:4)
  The ghost of F1L1N the Skirmisher, an amateur MiBe of Trog (D:4)
  The ghost of F1L1N the Skirmisher, an amateur MiBe of Trog (D:3)
  A sky beast (D:5)
  A black bear (D:8)
  An orc warrior (D:12)
  3 ogres
  A necrophage (D:11)
  2 centaurs
  4 big kobolds
  4 giant frogs
  Dowan (D:6)
  2 scorpions
  12 killer bees (D:12)
  4 wights (D:11)
  3 crimson imps
  A giant frog zombie (D:12)
  5 hounds
  A jelly (D:12)
  2 orc priests
  Crazy Yiuf (D:3)
  A centaur skeleton (D:4)
  5 iguanas
  7 orc wizards
  Natasha (D:3)
  7 worker ants
  A hound skeleton (D:8)
  4 gnolls
  Robin (D:3)
  14 adders
  2 shadow imps
  2 oozes
  An adder skeleton (D:6)
  2 worms
  A dart slug (D:1)
  8 giant geckos
  17 orcs
  4 giant cockroaches
  11 goblins
  11 hobgoblins
  6 jackals (D:5)
  2 quokkas
  7 bats
  A giant gecko skeleton (D:5)
  4 giant newts
  18 kobolds
  A quokka skeleton (D:5)
  2 quokka zombies (D:6)
  6 rats
  A bush (D:3)
  4 fungi (D:3)
233 creatures vanquished.

Vanquished Creatures (others)
  A kobold demonologist (D:12)
  An ogre (D:4)
  A centaur (D:11)
  A hound (D:4)
  A worker ant (D:4)
  An adder (D:4)
  A giant gecko (D:4)
  A kobold (D:12)
8 creatures vanquished.

Grand Total: 241 creatures vanquished

Notes
Turn   | Place    | Note
--------------------------------------------------------------
     0 | D:1      | MARSONE the Minotaur Fighter began the quest for the Orb.
     0 | D:1      | Reached XP level 1. HP: 19/19 MP: 0/0
   197 | D:1      | Reached XP level 2. HP: 24/27 MP: 1/1
   213 | D:1      | Reached skill level 4 in Shields
   413 | D:1      | Reached XP level 3. HP: 31/33 MP: 2/2
   780 | D:1      | You fall through a shaft!
   830 | D:2      | Found a snail-covered altar of Cheibriados.
   865 | D:2      | Found a basalt altar of Yredelemnul.
   869 | D:2      | Became a worshipper of Cheibriados the Contemplative
   938 | D:2      | Found a bloodstained altar of Trog.
  1042 | D:2      | Reached XP level 4. HP: 38/40 MP: 3/3
  1846 | D:3      | Reached * piety under Cheibriados
  1846 | D:3      | Reached skill level 5 in Shields
  1859 | D:3      | Noticed F1L1N's ghost (amateur MiBe)
  1861 | D:3      | Noticed a giant frog
  1873 | D:3      | Killed a giant frog
  1873 | D:3      | Reached XP level 5. HP: 46/47 MP: 4/4
  1886 | D:3      | Killed F1L1N's ghost
  1886 | D:3      | Reached skill level 5 in Armour
  2251 | D:3      | Reached XP level 6. HP: 47/53 MP: 5/5
  2287 | D:3      | Gained mutation: You evolve. [potion of mutation]
  2287 | D:3      | Gained mutation: You are dopey. (Int -2) [potion of mutation]
  2288 | D:3      | Gained mutation: You are clumsy. (Dex -2) [potion of mutation]
  2288 | D:3      | Gained mutation: Your body sometimes deteriorates upon taking damage. [potion of mutation]
  2288 | D:3      | Lost mutation: You evolve. [potion of mutation]
  2440 | D:3      | Noticed Robin
  2449 | D:3      | Killed Robin
  2588 | D:3      | Reached skill level 6 in Shields
  2730 | D:3      | Noticed Natasha
  2735 | D:3      | Killed Natasha
  2735 | D:3      | Reached skill level 5 in Fighting
  2808 | D:3      | Noticed Crazy Yiuf
  2817 | D:3      | Killed Crazy Yiuf
  2990 | D:4      | Noticed a slave
  2990 | D:4      | Noticed a slave
  2990 | D:4      | Noticed a slave
  2990 | D:4      | Noticed F1L1N's ghost (amateur MiBe)
  2993 | D:4      | Noticed Pikel
  2994 | D:4      | Noticed a slave
  3003 | D:4      | Killed a slave
  3003 | D:4      | Killed F1L1N's ghost
  3018 | D:4      | Killed Pikel
  3018 | D:4      | Reached skill level 5 in Axes
  3018 | D:4      | Reached skill level 7 in Shields
  3018 | D:4      | Reached XP level 7. HP: 12/62 MP: 4/6
  3371 | D:4      | Reached XP level 8. HP: 66/70 MP: 7/7
  3376 | D:4      | Reached ** piety under Cheibriados
  3664 | D:4      | Noticed Menkaure
  3695 | D:4      | Killed Menkaure
  4381 | D:5      | Entered Level 5 of the Dungeon
  4381 | D:5      | Noticed Sigmund
  4400 | D:5      | Killed Sigmund
  4400 | D:5      | Reached skill level 8 in Shields
  5091 | D:5      | Noticed Eustachio
  5099 | D:5      | Killed Eustachio
  5184 | D:5      | Reached XP level 9. HP: 79/79 MP: 8/8
  5233 | D:5      | Reached *** piety under Cheibriados
  5266 | D:5      | Found a radiant altar of Vehumet.
  5678 | D:5      | Got a spiked scale mail
  5736 | D:5      | Identified the +3 scale mail of the Armadillo {rC+ Regen+} (You found it on level 5 of the Dungeon)
  5809 | D:6      | Noticed Duvessa
  5809 | D:6      | Noticed Dowan
  5825 | D:6      | Killed Duvessa
  5847 | D:6      | Killed Dowan
  5930 | D:6      | Got a crude falchion
  5978 | D:6      | Reached skill level 9 in Shields
  6249 | D:6      | Found a deep blue altar of Sif Muna.
  6281 | D:6      | Noticed Edmund
  6294 | D:6      | Killed Edmund
  6294 | D:6      | Reached **** piety under Cheibriados
  6622 | D:7      | Found a staircase to the Ecumenical Temple.
  6733 | D:7      | Gained mutation: You tend to lose your temper in combat. [potion of mutation]
  6733 | D:7      | Lost mutation: You are clumsy. (Dex -2) [potion of mutation]
  6733 | D:7      | Gained mutation: Your spells are a little harder to cast, but a little more powerful. [potion of mutation]
  7573 | D:8      | You fall through a shaft for 3 floors!
  7602 | D:11     | Reached ***** piety under Cheibriados
  7602 | D:11     | Reached skill level 10 in Shields
  7608 | D:11     | Found a frozen archway.
  7623 | D:11     | Reached XP level 10. HP: 61/88 MP: 9/9
  7627 | D:11     | Reached skill level 10 in Armour
  7631 | D:11     | Noticed a gargoyle
  7634 | D:11     | Killed a gargoyle
  7746 | D:11     | Noticed a gargoyle
  7750 | D:11     | Killed a gargoyle
  7796 | D:11     | You fall through a shaft!
  7808 | D:12     | Noticed an orange demon
  7840 | D:12     | Reached skill level 11 in Shields
  7969 | D:12     | Noticed a red ugly thing
  7975 | D:12     | Killed a red ugly thing
  8068 | D:12     | Noticed a hill giant
  8076 | D:12     | Killed a hill giant
  8094 | D:12     | Reached skill level 10 in Axes
  8245 | D:12     | Reached XP level 11. HP: 79/97 MP: 10/10
  8301 | D:12     | Noticed a centaur warrior
  8304 | D:12     | Killed a centaur warrior
  8304 | D:12     | Reached skill level 12 in Shields
  8891 | D:11     | Noticed a red ugly thing
  8901 | D:11     | Killed a red ugly thing
  8903 | D:11     | Reached ****** piety under Cheibriados
  8938 | D:11     | Noticed a five-headed hydra
  8948 | D:11     | Slain by a nine-headed hydra

Skill      XL: |  1  2  3  4  5  6  7  8  9 10 11 |
---------------+----------------------------------+-----
Shields        | 4 5 7 8 10 11 12 | 12.2
Fighting       | 4 5 6 7 8 9 |  9.4
Armour         | 4 5 6 8 9 11 | 11.6
Axes           | 3 5 6 8 10 | 10.5
Dodging        | |  0.2

Action                   |  1- 3 |  4- 6 |  7- 9 | 10-12 || total
-------------------------+-------+-------+-------+-------++-------
Melee: War axe           |    77 |   148 |   246 |   152 ||   623
       Headbutt          |    15 |    25 |    71 |    52 ||   163
Throw: Stone             |     5 |       |     3 |       ||     8
Invok: Bend Time         |       |     5 |     1 |       ||     6
       Temporal Distorti |       |       |       |     1 ||     1
  Use: Scroll            |     4 |     5 |    11 |       ||    20
       Potion            |       |     4 |     4 |       ||     8
  Eat: Bread ration      |     1 |       |       |     1 ||     2
       Chunk             |       |     1 |     2 |     1 ||     4
       Meat ration       |       |       |     1 |       ||     1
       Fruit             |       |       |     1 |       ||     1
Armor: Scale mail        |    26 |    30 |       |       ||    56
       Chain mail        |       |    26 |    87 |       ||   113
       Plate armour      |       |       |    22 |    61 ||    83
Dodge: Dodged            |    29 |    45 |    65 |    40 ||   179
Block: Shield            |    40 |    98 |   198 |   176 ||   512
       Reflection        |       |       |     9 |     8 ||    17
